 Dungeon Crawl Stone Soup version 0.27-a0-732-ga892ba84f6 (webtiles) character file.

Game seed: 17189089956647971845

12635 porpoise the Destroyer (level 11, -3/61 (64) HPs)
             Began as a Deep Elf Conjurer on Mar 24, 2021.
             Was a Believer of Vehumet.
             Slain by a wight
             ... wielding a +5 great sword
              (4 damage)
             ... on level 11 of the Dungeon.
             The game lasted 01:23:47 (15842 turns).

porpoise the Destroyer (Deep Elf Conjurer)         Turns: 15842, Time: 01:23:47

HP:   -3/61 (64)    AC:  6    Str:  9    XL:     11   Next: 65%
MP:   11/26         EV: 13    Int: 28    God:    Vehumet [**....]
Gold: 627           SH:  6    Dex: 13    Spells: 2/28 levels left

rFire    + + .     SeeInvis .   b - staff of conjuration
rCold    . . .     Faith    .   i - +1 buckler
rNeg     . . .     Spirit   .   Q - +2 robe {rF+}
rPois    .         Reflect  .   l - +2 hat of Amelioration {Will+++ rCorr Str+4 Int-4}
rElec    .         Harm     .   y - scarf {+Inv}
rCorr    +         Rampage  .   (no gloves)
Will     ++++.                  (no boots)
Stlth    ++........             C - amulet of the acrobat
HPRegen  0.20/turn              x - +6 ring of intelligence
MPRegen  0.20/turn              S - ring of protection from fire

@: lightly drained
A: no striking features
a: Renounce Religion, Evoke Invisibility


You were on level 11 of the Dungeon.
You worshipped Vehumet.
Vehumet was pleased with you.
You visited 3 branches of the dungeon, and saw 13 of its levels.
You also visited: Sewer.

You collected 627 gold pieces.

Inventory:

Hand Weapons
 a - a +5 long sword
Missiles
 m - 33 poisoned darts (quivered)
 n - 6 boomerangs of dispersal
 p - 7 boomerangs
 v - a sling bullet
Armour
 i - a +1 buckler (worn)
 l - the +2 hat of Amelioration (worn) {Will+++ rCorr Str+4 Int-4}
   (You found it on level 6 of the Dungeon)

   It affects your strength (+4).
   It affects your intelligence (-4).
   It affects your willpower, your defense against some magical effects.
   It provides partial protection from all sources of acid and corrosion.
 y - a scarf of invisibility (worn)
 Q - a +2 robe of fire resistance (worn)
Magical Staves
 b - a staff of conjuration (weapon)
Jewellery
 x - a +6 ring of intelligence (right hand)
 C - an amulet of the acrobat (around neck)
 S - a ring of protection from fire (left hand)
Wands
 E - a wand of paralysis (7)
 N - a wand of charming (12)
 T - a wand of mindburst (6)
 W - a wand of polymorph (8)
Scrolls
 h - 4 scrolls of teleportation
 q - 2 scrolls of fear
 A - a scroll of holy word
 D - a scroll of fog
 H - a scroll of summoning
 I - a scroll of blinking
Potions
 e - 8 potions of curing
 r - 3 potions of heal wounds
 s - 2 potions of magic
 u - 2 potions of haste
 z - 3 potions of flight
 K - a potion of ambrosia
 X - a potion of lignification


   Skills:
 + Level 5.3 Fighting
 - Level 3.0 Armour
 - Level 5.0 Dodging
 - Level 2.4 Stealth
 - Level 4.0 Shields
 - Level 9.0 Spellcasting
 - Level 9.0 Conjurations
 - Level 7.0 Hexes
 - Level 7.0 Translocations
 + Level 3.5 Fire Magic
 - Level 5.0 Air Magic
 + Level 3.5 Earth Magic
 - Level 5.0 Poison Magic
 - Level 5.1 Evocations


You had 2 spell levels left.
You knew the following spells:

 Your Spells              Type           Power      Damage    Failure   Level
a - Magic Dart            Conj           100%       1d8       1%          1
b - Searing Ray           Conj           100%       3d7       1%          2
c - Fulminant Prism       Conj/Hex       36%        3d18      1%          4
d - Iskenderun's Mystic   Conj/Tloc      72%        2d15      1%          4
e - Iskenderun's Battles  Conj           76%        2d12      3%          5
f - Bolt of Magma         Conj/Fire/Erth 29%        4d13      14%         5
k - Blink                 Tloc           N/A        N/A       1%          2
m - Mephitic Cloud        Conj/Pois/Air  64%        N/A       1%          3

Your spell library contained the following spells:

 Spells                   Type           Power      Damage    Failure   Level
 Stone Arrow              Conj/Erth      100%       3d13      1%          3
 Corona                   Hex            56%        N/A       1%          1
 Shock                    Conj/Air       100%       1d9       1%          1
 Ensorcelled Hibernation  Hex/Ice        64%        N/A       1%          2
 Slow                     Hex            51%        N/A       1%          2
 Swiftness                Air            40%        N/A       1%          2
 Summon Small Mammal      Summ           48%        N/A       4%          1
 Call Imp                 Summ           12%        N/A       7%          2
 Confusing Touch          Hex            51%        N/A       1%          3
 Conjure Flame            Conj/Fire      64%        6-21      1%          3
 Dazzling Flash           Conj/Hex       100%       N/A       1%          3
 Static Discharge         Conj/Air       67%        N/A       1%          3
 Tukima's Dance           Hex            51%        N/A       1%          3
 Summon Guardian Golem    Hex/Summ       32%        N/A       3%          3
 Airstrike                Air            20%        N/A       5%          4
 Lightning Bolt           Conj/Air       33%        1d51      7%          5
 Call Canine Familiar     Summ           12%        N/A       13%         3
 Summon Lightning Spire   Summ/Air       26%        N/A       16%         4
 Summon Ice Beast         Ice/Summ       12%        N/A       41%         4
 Iron Shot                Conj/Erth      32%        9d7       45%         6
 Orb of Destruction       Conj           38%        9d13      67%         7
 Spellforged Servitor     Conj/Summ      27%        N/A       99%         7


Dungeon Overview and Level Annotations

Branches:
Dungeon (11/15)            Temple (1/1) D:6            Lair (1/6) D:10
    Orc (0/2) D:9           Sewer (visited)

Altars:
Ashenzari
Cheibriados
Dithmenos
Elyvilon
Fedhas
Gozag
Hepliaklqana
Kikubaaqudgha
Makhleb
Nemelex Xobeh
Okawaru
Qazlal
Ru
Sif Muna
Trog
Uskayaw
Vehumet
Wu Jian
Xom
Yredelemnul
Zin
The Shining One

Shops:
D:6 !   D:9 (

Annotations:
D:6 dig
D:8 Dig


Message History

The boulder beetle is severely wounded.
Your battlesphere fires!
The barrage of energy hits the boulder beetle but does no damage.
The boulder beetle is severely wounded.
The boulder beetle curls into a ball and begins rolling!
The searing ray hits the boulder beetle but does no damage.
The boulder beetle is severely wounded.
The withered plant crumbles away.
Your battlesphere fires!
The barrage of energy hits the boulder beetle.
The boulder beetle is severely wounded.
The boulder beetle hits you!!
* * * LOW HITPOINT WARNING * * *
The boulder beetle stops rolling and uncurls.
The searing ray hits the boulder beetle.
The boulder beetle is severely wounded.
You finish channeling your searing ray.
Your battlesphere fires!
The barrage of energy hits the boulder beetle!
The boulder beetle is almost dead.
You block the boulder beetle's attack.
Casting: Searing Ray (safe; 1% risk of failure)
Confirm with . or Enter, or press ? or * to list all spells.
You feel a surge of power!
You erupt in a blast of force!
The mystic blast hits the boulder beetle!
The boulder beetle is almost dead.
The boulder beetle is knocked back by the mystic blast.
Your battlesphere fires!
The barrage of energy hits the boulder beetle!
You kill the boulder beetle!
Vehumet accepts your kill.
You feel your power returning.
Your battlesphere expends the last of its energy and dissipates.
You see here a +0 club.
A wight comes into view. It is wielding a +5 great sword.
There is a stone staircase leading up, spattered with blood here.
The wight hits you with a +5 great sword!
* * * LOW HITPOINT WARNING * * *
You feel drained.
You die...

#.......#
#......(#
###.......#
##.P.....$.#
#.PPP......#####
.#..$...........+
(..()).[).).####
.####[....))#
#..([@..#
####z#### #...#
###.# ... ..# ..#
.# .#


You could see a wight.

Vanquished Creatures
  A hydra (D:10)
  A boulder beetle (D:11)
  Erica (D:8)
  A two-headed ogre (D:10)
  A deep elf pyromancer (D:10)
  An oklob plant (D:10)
  Maurice (D:8)
  A kobold demonologist (D:9)
  Psyche (D:8)
  2 komodo dragons (Lair:1)
  A hornet (D:8)
  Grinder (D:4)
  A troll (D:6)
  5 blink frogs (Lair:1)
  Sigmund (D:2)
  3 yaks (D:9)
  Eustachio (D:6)
  Menkaure (D:5)
  Edmund (D:6)
  A water moccasin (D:5)
  Duvessa (D:6)
  7 orc warriors
  3 ice beasts
  A black bear (D:8)
  3 sky beasts
  7 ogres
  3 centaurs
  A phantom (D:5)
  A kobold brigand (D:9)
  7 bullfrogs
  5 scorpions
  Dowan (D:6)
  7 killer bees
  A howler monkey (D:8)
  4 wights
  2 electric eels (D:7)
  A bullfrog zombie (D:8)
  A centaur zombie (D:10)
  3 jellies
  A quasit (D:5)
  2 centaur skeletons
  2 hounds (D:4)
  A bullfrog skeleton (D:4)
  10 orc priests
  Jessica (D:2)
  3 iguanas
  13 orc wizards
  3 worker ants
  A hound zombie (D:4)
  4 hound skeletons
  3 worker ant zombies
  7 gnolls
  12 adders
  A howler monkey skeleton (D:4)
  A river rat (Sewer)
  A shadow imp (D:5)
  A white imp (D:7)
  An ufetubus (D:8)
  2 adder skeletons
  4 worms
  A dart slug (D:2)
  52 orcs
  3 giant cockroaches
  5 goblins (D:2)
  2 hobgoblins (D:1)
  7 jackals
  5 oozes
  8 quokkas
  9 ball pythons
  A bat (D:1)
  12 frilled lizards
  11 kobolds
  A quokka skeleton (D:5)
  11 rats
288 creatures vanquished.

Vanquished Creatures (others)
  A human (D:6)
  14 fulminant prisms
  A fungus (Lair:1)
  7 plants (D:10)
  5 withered plants (D:11)
28 creatures vanquished.

Grand Total: 316 creatures vanquished

Notes
Turn   | Place    | Note
-------+----------+-------------------------------------------
     0 | D:1      | porpoise the Deep Elf Conjurer began the quest for the Orb.
     0 | D:1      | Reached XP level 1. HP: 10/10 MP: 6/6
   354 | D:1      | Reached XP level 2. HP: 11/15 MP: 4/8
   429 | D:1      | Learned a level 2 spell: Searing Ray
   871 | D:2      | Found a glowing silver altar of Zin.
  1193 | D:2      | Noticed Sigmund
  1199 | D:2      | Killed Sigmund
  1200 | D:2      | Reached skill level 5 in Spellcasting
  1200 | D:2      | Reached XP level 3. HP: 4/19 MP: 3/11
  1200 | D:2      | Reached XP level 4. HP: 5/24 MP: 3/13
  1200 | D:2      | Reached XP level 5. HP: 6/28 MP: 3/14
  1441 | D:2      | Learned a level 4 spell: Fulminant Prism
  1446 | D:2      | Learned a level 4 spell: Iskenderun's Mystic Blast
  2039 | D:2      | Noticed Jessica
  2040 | D:2      | Killed Jessica
  2041 | D:2      | Reached skill level 1 in Shields
  2236 | D:3      | Reached XP level 6. HP: 32/32 MP: 10/15
  3263 | D:4      | Noticed Grinder
  3269 | D:4      | Killed Grinder
  3270 | D:4      | Reached skill level 1 in Translocations
  3270 | D:4      | Reached XP level 7. HP: 17/36 MP: 8/16
  3631 | D:4      | Learned a level 2 spell: Blink
  4368 | D:4      | Reached XP level 8. HP: 17/41 MP: 7/17
  4677 | D:4      | Found a shimmering blue altar of Sif Muna.
  4678 | D:4      | Found a stormy altar of Qazlal.
  4682 | D:4      | Found a hide-covered altar of Uskayaw.
  4829 | D:4      | Reached skill level 5 in Hexes
  4999 | D:5      | Entered Level 5 of the Dungeon
  5086 | D:5      | Reached skill level 5 in Translocations
  5101 | D:5      | Reached skill level 5 in Dodging
  5463 | D:5      | Reached skill level 1 in Fighting
  5800 | D:5      | Noticed Menkaure
  5811 | D:5      | Killed Menkaure
  6231 | D:5      | Reached XP level 9. HP: 47/49 MP: 13/18
  6481 | D:6      | Noticed Eustachio
  6488 | D:6      | Killed Eustachio
  6656 | D:6      | Identified the +2 hat of Amelioration {Will+++ rCorr Str+4
                  | Int-4}
  6722 | D:6      | Found a glowing drain.
  6732 | Sewer    | Entered a sewer
  7425 | D:6      | Noticed Edmund
  7435 | D:6      | Killed Edmund
  7591 | D:6      | Noticed a troll
  7597 | D:6      | Killed a troll
  7598 | D:6      | Reached skill level 1 in Evocations
  8053 | D:6      | Found Eteawk's Distillery.
  8214 | D:6      | Found an ancient bone altar of Kikubaaqudgha.
  8269 | D:6      | Found a staircase to the Ecumenical Temple.
  8280 | Temple   | Entered the Ecumenical Temple
  8466 | Temple   | Became a worshipper of Vehumet
  8494 | D:6      | Noticed Dowan
  8506 | D:6      | Killed Dowan
  8647 | D:6      | Noticed Duvessa
  8654 | D:6      | Killed Duvessa
  8816 | D:6      | Reached skill level 5 in Fighting
  8987 | D:7      | Learned a level 5 spell: Iskenderun's Battlesphere
  9169 | D:7      | Found a white marble altar of Elyvilon.
  9392 | D:7      | Found a sparkling altar of Nemelex Xobeh.
  9885 | D:7      | Reached skill level 5 in Evocations
  9885 | D:7      | Reached XP level 10. HP: 46/59 MP: 17/21
 10471 | D:8      | Noticed Maurice
 10487 | D:8      | Killed Maurice
 10488 | D:8      | Reached skill level 1 in Armour
 11000 | D:8      | Noticed Psyche
 11006 | D:8      | Killed Psyche
 11006 | D:8      | Reached * piety under Vehumet
 11006 | D:8      | Offered knowledge of Sandblast by Vehumet.
 11084 | D:8      | Found a basalt altar of Yredelemnul.
 11415 | D:8      | Noticed Erica
 11420 | D:8      | Killed Erica
 11529 | D:8      | Identified the +0 ring mail of the Tundras {Harm rC+ Int-3
                  | Slay+2}
 11565 | D:8      | Learned a level 3 spell: Mephitic Cloud
 11820 | D:9      | Found a snail-covered altar of Cheibriados.
 12333 | D:9      | Found Courih's Weapon Shop.
 12337 | D:9      | Found a staircase to the Orcish Mines.
 12540 | D:9      | Reached skill level 1 in Air Magic
 12585 | D:9      | Noticed a rust devil
 13103 | D:10     | Entered Level 10 of the Dungeon
 13115 | D:10     | Found a shadowy altar of Dithmenos.
 13180 | D:10     | Reached skill level 1 in Poison Magic
 13355 | D:10     | Found a staircase to the Lair.
 13356 | D:10     | Noticed an oklob plant
 13365 | D:10     | Killed an oklob plant
 13365 | D:10     | Reached ** piety under Vehumet
 13365 | D:10     | Offered knowledge of Foxfire by Vehumet.
 13366 | D:10     | Reached XP level 11. HP: 36/63 MP: 17/26
 13802 | D:10     | Noticed a deep elf pyromancer
 13805 | D:10     | Killed a deep elf pyromancer
 14060 | Lair:1   | Entered Level 1 of the Lair of Beasts
 14281 | Lair:1   | Learned a level 5 spell: Bolt of Magma
 15296 | D:11     | Noticed a two-headed ogre
 15297 | D:11     | Noticed a five-headed hydra
 15305 | D:10     | Killed a five-headed hydra
 15306 | D:10     | Reached skill level 5 in Air Magic
 15306 | D:10     | Reached skill level 5 in Poison Magic
 15306 | D:10     | Reached skill level 1 in Fire Magic
 15306 | D:10     | Reached skill level 1 in Earth Magic
 15422 | D:10     | Killed a two-headed ogre
 15791 | D:11     | Offered knowledge of Stone Arrow by Vehumet.
 15819 | D:11     | Noticed a boulder beetle
 15837 | D:11     | Killed a boulder beetle
 15842 | D:11     | HP: 1/64 [wight/+5 great sword (15)]
 15842 | D:11     | Slain by a wight

Illustrated notes

Levels and vault maps discovered:
D:1:      dpeg_arrival_radiant, layout_rooms, chequers_hall_statues_corner_a,
          minmay_stone_trees_small, grunt_decor_junction
D:2:      layout_basic, lemuel_round_altar, uniq_sigmund, uniq_jessica
D:3:      layout_loops_ring
D:4:      layout_loops_corners, nicolae_overflow_hidden_temple, uniq_grinder
D:5:      layout_basic, uniq_menkaure
D:6:      layout_basic, minmay_temple_entry_waves, serial_shops,
          nicolae_shop_statue_plus, portal_sewer_entry_d, tgw_kikubaaqudgha,
          uniq_edmund, uniq_duvessa, uniq_eustachio
D:7:      minmay_recursive_quarters, layout_basic,
          nemelex_xobeh_ov_fountains_minmay, kennysheep_mini_moat,
          minmay_crystal_water
D:8:      layout_basic, general_overflow_altar, serial_glass, glass_columns_a,
          glass_columns_a, glass_columns_a, glass_columns_b, glass_columns_c,
          glass_columns_b, item_on_display_a, minmay_circle_x, uniq_maurice,
          uniq_psyche, uniq_erica
D:9:      layout_grid_maze, lemuel_doored_altar, orc_david_3,
          hangedman_abyss_or_decor_stabs, hangedman_abyss_or_decor_stagger
D:10:     layout_basic, dpeg_oklobed_lair, basic_altar
D:11:     layout_roguey, serial_undead, serial_undead_f, serial_undead_b,
          serial_undead_d, serial_undead_b, serial_undead_d, serial_undead_e,
          serial_undead_b, serial_undead_f, serial_undead_d, serial_undead_f,
          uniq_urug
Temple:   eino_temple_water
Lair:1:   layout_concentric_octagons

Skill      XL: |  1  2  3  4  5  6  7  8  9 10 11 |
---------------+----------------------------------+-----
Spellcasting   | 5 6 9 |  9.0
Conjurations   | 6 7 8 9 |  9.0
Shields        | 1 4 |  4.0
Hexes          | 2 4 5 7 |  7.0
Translocations | 1 3 5 7 |  7.0
Dodging        | 5 |  5.0
Fighting       | 2 5 |  5.3
Evocations     | 5 |  5.1
Armour         | 3 |  3.0
Air Magic      | 2 5 |  5.0
Poison Magic   | 2 5 |  5.0
Fire Magic     | 3 |  3.5
Earth Magic    | 3 |  3.5
Stealth        | |  2.4

Action                   |  1- 3 |  4- 6 |  7- 9 | 10-12 || total
-------------------------+-------+-------+-------+-------++-------
Melee: Falchion          |     2 |       |       |       ||     2
       Spear             |       |    18 |    23 |       ||    41
       Long sword        |       |       |       |    18 ||    18
 Fire: Hunting sling     |       |       |    69 |    32 ||   101
Throw: Dart              |       |     2 |    35 |     8 ||    45
       Boomerang         |       |       |     1 |       ||     1
 Cast: Magic Dart        |    25 |    28 |    30 |    98 ||   181
       Searing Ray       |     3 |    18 |    86 |    33 ||   140
       Fulminant Prism   |       |       |     9 |     5 ||    14
       Iskenderun's Myst |       |       |     2 |    14 ||    16
       Iskenderun's Batt |       |       |     1 |    30 ||    31
       Mephitic Cloud    |       |       |       |     2 ||     2
 Abil: Evoke Invisibilit |       |       |       |     1 ||     1
Evoke: Wand              |       |       |    12 |     3 ||    15
  Use: Scroll            |       |     2 |    13 |     5 ||    20
 Stab: Sleeping          |       |     1 |     1 |     1 ||     3
Armor: Robe              |       |     1 |     9 |    11 ||    21
Dodge: Dodged            |     4 |     7 |    34 |    38 ||    83
Block: Buckler           |       |     4 |    19 |    15 ||    38
       Rpst.: Falchion   |     1 |       |       |       ||     1
       Long sword        |       |       |       |     1 ||     1

Table legend: (Time is in decaauts)
 A = Elapsed time spent in this place.
 B = Non-inter-level travel time spent in this place.
 C = Inter-level travel time spent in this place.
 D = Time resting spent in this place.
 E = Time spent auto-exploring this place.
 F = Levels seen in this place.
 G = Mean time per level.
                   A        B        C        D        E       F      G
               +--------+--------+--------+--------+--------+-----+--------+
         Total |  15922 |  15359 |    563 |   5794 |   6958 |  14 | 1137.3 |
       Dungeon |  14045 |  13524 |    521 |   5501 |   6043 |  11 | 1276.8 |
        Temple |    203 |    186 |     17 |      0 |    177 |   1 |  203.0 |
          Lair |   1207 |   1183 |     24 |    185 |    738 |   1 | 1207.0 |
         Sewer |    465 |    465 |      0 |    108 |      0 |   1 |  465.0 |
               +--------+--------+--------+--------+--------+-----+--------+

Top non-repeatable levels by time:
     D:6: 2055 daAuts
     D:4: 1950 daAuts
     D:7: 1482 daAuts
     D:2: 1452 daAuts
    D:10: 1436 daAuts
     D:8: 1429 daAuts
     D:9: 1221 daAuts
  Lair:1: 1207 daAuts
     D:5: 1115 daAuts
     D:3: 1047 daAuts
     D:1: 755 daAuts
   Sewer: 465 daAuts
  Temple: 203 daAuts
    D:11: 99 daAuts
